 Dungeon Sprint DCSS version 0.24-a0-249-g2af7e83 (webtiles) character file.

Game seed: 12744876599975505096

354 Krakonus1 the Warrior (level 6, -8/94 HPs)
             Began as an Ogre Berserker on Apr 13, 2019.
             Was an Elder of Trog.
             Mangled by a troll (12 damage)
             ... in the Dungeon (Sprint IX: "|||||||||||||||||||||||||||||").
             The game lasted 00:01:22 (183 turns).

Krakonus1 the Warrior (Ogre Berserker)               Turns: 183, Time: 00:01:23

Health: -8/94      AC: 12    Str: 24    XL:     6   Next: 63%
Magic:  6/6        EV: 10    Int: 11    God:    Trog [****..]
Gold:   0          SH:  0    Dex:  8    Spells: 5/5 levels left

rFire    . . .     SeeInvis .   p - +2 morningstar (protect)
rCold    . . .     Gourm    .   (no shield)
rNeg     . . .     Faith    .   b - +0 animal skin
rPois    .         Spirit   .   (helmet restricted)
rElec    .         Reflect  .   (no cloak)
rCorr    .         Harm     .   (gloves unavailable)
MR       .....     NoTele   +   (boots unavailable)
Stlth    +.........             (no amulet)
HPRegen  0.25/turn              q - +2 ring of protection
MPRegen  0.10/turn              r - +3 ring of intelligence

@: lethally poisoned (-8 -> -10), protection aura, berserk cooldown, slowed,
very slow
A: large, unfitting armour, tough skin 1
a: Berserk, Trog's Hand, Brothers in Arms, Renounce Religion


You were in the Dungeon.
You worshipped Trog.
Trog was greatly pleased with you.
You were not hungry.

You visited 1 branch

Inventory:

Hand Weapons
 a - a +0 mace
 p - a +2 morningstar of protection (weapon)
Missiles
 k - 8 silver tomahawks (quivered)
Armour
 b - a +0 animal skin (worn)
Jewellery
 q - a +2 ring of protection (left hand)
 r - a +3 ring of intelligence (right hand)
Wands
 n - a wand of iceblast (10)
Scrolls
 i - 2 scrolls of blinking
 m - 3 scrolls of remove curse
Potions
 d - 5 potions of curing
 e - 3 potions of heal wounds
 f - a potion of haste
 g - 4 potions of magic
 h - a potion of berserk rage
 l - a potion of invisibility
Comestibles
 c - a ration
 j - 8 chunks of flesh


   Skills:
 * Level 16.8 Fighting
 - Level 2.6 Maces & Flails
 - Level 2.6 Dodging


You had 5 spell levels left.
You didn't know any spells.
Your spell library was empty.

Dungeon Overview and Level Annotations

Branches:
Dungeon (1/1)

Altars:
Cheibriados
Dithmenos
Elyvilon
Fedhas
Gozag
Hepliaklqana
Kikubaaqudgha
Makhleb
Nemelex Xobeh
Okawaru
Qazlal
Ru
Sif Muna
Trog
Uskayaw
Vehumet
Wu Jian
Xom
Yredelemnul
Zin
The Shining One
Beogh
Jiyva
Lugonu


Innate Abilities, Weirdness & Mutations

You are too large for most types of armour.
You have tough skin. (AC +1)


Message History

You barely miss the troll.
You feel sick. The troll bites you! The troll claws you. The troll claws you!
The troll barely misses you. The troll misses you.
The troll claws you but does no damage.
You hit the troll.
Your weapon exudes an aura of protection.
The troll is lightly wounded.
You feel sick. The troll bites you.
* * * LOW HITPOINT WARNING * * *
The troll claws you.
* * * LOW HITPOINT WARNING * * *
The troll closely misses you. The troll barely misses you.
The troll closely misses you. The troll claws you!
* * * LOW HITPOINT WARNING * * *
You bludgeon the troll!!
The troll is severely wounded.
You feel sick. The troll barely misses you. The troll claws you!
* * * LOW HITPOINT WARNING * * *
The troll barely misses you. The troll closely misses you.
The troll barely misses you. The troll claws you!
You die...

▓.▓
▓?▓
▓.▓
▓)▓
▓[▓
▓[▓
▓[▓
▓|▓
▓@▓
▓T▓
▓.▓
▓.▓
▓.▓
▓.▓
▓.▓
▓.▓


You could see a troll.

Vanquished Creatures
  A sky beast (D)
  A crocodile (D)
  2 killer bees (D)
  A crimson imp (D)
  2 worker ants (D)
  An adder (D)
  An orc (D)
  2 giant cockroaches (D)
  A kobold (D)
  A ball python (D)
  2 rats (D)
15 creatures vanquished.

Notes
Turn   | Place    | Note
-------+----------+-------------------------------------------
     0 | D        | Krakonus1 the Ogre Berserker began the quest for the Orb.
     0 | D        | Reached XP level 1. HP: 24/24 MP: 1/1
     6 | D        | Reached skill level 5 in Fighting
    11 | D        | Reached ** piety under Trog
    18 | D        | Reached skill level 6 in Fighting
    76 | D        | Noticed a worker ant
    76 | D        | Noticed a sky beast
    76 | D        | Noticed a crimson imp
    82 | D        | Killed a worker ant
    82 | D        | Reached skill level 9 in Fighting
    82 | D        | Reached XP level 2. HP: 44/44 MP: 2/2
    82 | D        | Reached XP level 3. HP: 50/50 MP: 3/3
    84 | D        | Killed a sky beast
    84 | D        | Reached *** piety under Trog
    84 | D        | Received a gift from Trog
    84 | D        | Reached skill level 12 in Fighting
    84 | D        | Reached XP level 4. HP: 67/67 MP: 4/4
    84 | D        | Reached XP level 5. HP: 75/75 MP: 5/5
    92 | D        | Reached skill level 13 in Fighting
   108 | D        | Found a roughly hewn altar of Beogh.
   108 | D        | Found a snail-covered altar of Cheibriados.
   108 | D        | Found a shadowy altar of Dithmenos.
   108 | D        | Found a white marble altar of Elyvilon.
   108 | D        | Found a blossoming altar of Fedhas.
   108 | D        | Found an opulent altar of Gozag.
   109 | D        | Found a hazy altar of Hepliaklqana.
   110 | D        | Found a viscous altar of Jiyva.
   111 | D        | Found an ancient bone altar of Kikubaaqudgha.
   112 | D        | Found a corrupted altar of Lugonu.
   113 | D        | Found a burning altar of Makhleb.
   114 | D        | Found a sparkling altar of Nemelex Xobeh.
   115 | D        | Found an iron altar of Okawaru.
   116 | D        | Found a stormy altar of Qazlal.
   117 | D        | Found a sacrificial altar of Ru.
   118 | D        | Found a deep blue altar of Sif Muna.
   119 | D        | Found a bloodstained altar of Trog.
   120 | D        | Found a hide-covered altar of Uskayaw.
   121 | D        | Found a radiant altar of Vehumet.
   122 | D        | Found an ornate altar of the Wu Jian Council.
   123 | D        | Found a shimmering altar of Xom.
   124 | D        | Found a basalt altar of Yredelemnul.
   125 | D        | Found a glowing silver altar of Zin.
   126 | D        | Found a glowing golden altar of the Shining One.
   157 | D        | Noticed a crocodile
   157 | D        | Noticed a troll
   165 | D        | Killed a crocodile
   165 | D        | Reached **** piety under Trog
   165 | D        | Reached skill level 15 in Fighting
   165 | D        | Reached XP level 6. HP: 91/91 MP: 6/6
   175 | D        | Reached skill level 16 in Fighting
   183 | D        | HP: 4/94 [troll (7)]
   183 | D        | Mangled by a troll

Levels and vault maps discovered:
D:        linesprint [early_d, line_temple, items_1, d_10, items_2, lair_1,
          lair_end, items_3, orc_1, orc_end, items_4, d_15, swamp_1, shoals_1,
          snake_1, spider_1, d_20, vaults_1, items_5, swamp_end, shoals_end,
          snake_end, spider_end, vaults_end, d_27, items_6, zot_1, zot_end,
          crypt_end, forest_end, elf_end, slime_end, tomb_end, abyss_end,
          pan_hell_end]

Skill      XL: |  1  2  3  4  5  6 |
---------------+-------------------+-----
Fighting       | 9 12 15 16 | 16.8
Maces & Flails | |  2.6
Dodging        | |  2.6

Action                   |  1- 3 |  4- 6 || total
-------------------------+-------+-------++-------
Melee: Mace              |    23 |    15 ||    38
       Morningstar       |       |    17 ||    17
Invok: Berserk           |     1 |     1 ||     2
Armor: Animal skin       |     4 |    10 ||    14
Dodge: Dodged            |    13 |    23 ||    36

Table legend:
 A = Non-vault XP
 B = Vault XP
 C = Vault XP percentage of total XP
 D = Non-vault monster count
 E = Vault monster count
 F = Vault count percentage of total count
                 A         B        C        D         E       F
            +---------+---------+-------+---------+---------+-------
      Total |       0 |     507 | 100.0 |       0 |      15 | 100.0
            +---------+---------+-------+---------+---------+-------
          D |       0 |     507 | 100.0 |       0 |      15 | 100.0
            +---------+---------+-------+---------+---------+-------
